 Dungeon Crawl Stone Soup version 0.19.1-1-g22dce08 (webtiles) character file.

240312 solomon12318 the Peltast (level 18, -16/193 HPs)
             Began as a Minotaur Fighter on Jan 10, 2017.
             Was the Champion of Cheibriados.
             Blown up by an eye of devastation (21 damage)
             ... with a bolt of energy
             ... on level 3 of the Pits of Slime.
             The game lasted 01:42:43 (28924 turns).

solomon12318 the Peltast (Minotaur Fighter)        Turns: 28924, Time: 01:42:44

Health: -16/193    AC: 27    Str: 45 (46) XL:     18   Next: 61%
Magic:  20/20      EV: 20    Int: 20      God:    Cheibriados [******]
Gold:   1919       SH: 30    Dex: 32      Spells: 0 memorised, 17 levels left

rFire  . . .     SeeInvis .     X - +8 scimitar "Feruxeme" {venom, Fragile +Inv Str+5}
rCold  + + +     Gourm    .     T - +1 ice dragon scales
rNeg   . . .     Faith    .     U - +4 shield {rC+ rF+}
rPois  +         Spirit   .     (helmet restricted)
rElec  .         Reflect  +     C - +1 cloak
rCorr  +         Harm     .     A - +0 pair of gloves
MR     ++...     Rnd*Rage +     q - +1 pair of boots
Stlth  ++........ Rnd*Tele +    c - +6 amulet of reflection
                                Z - ring "Hukhlo" {rPois MR+ Dex+2 Stlth+}
                                O - ring of resist corrosion

@: very slow
A: retaliatory headbutt, horns 2, icy blue scales 1, rugged brown scales 2,
berserk 1, blink, deterioration 1, low mp 2, robust 1, screaming 1, strong 1,
teleportitis 1, MP-powered wands
a: Blink, Bend Time, Temporal Distortion, Slouch, Step From Time, Renounce
Religion, Evoke Invisibility
}: 2/15 runes: decaying, gossamer


You were on level 3 of the Pits of Slime.
You worshipped Cheibriados.
Cheibriados was exalted by your worship.
You were not hungry.

You visited 5 branches of the dungeon, and saw 28 of its levels.
You also visited: Sewer and Ice Cave.

You collected 1985 gold pieces.
You spent 66 gold pieces at shops.

Inventory:

Hand Weapons
 a - a +2 long sword of freezing
 G - a +4 scimitar
 X - the +8 scimitar "Feruxeme" (weapon) {venom, Fragile +Inv Str+5}
   (You found it on level 1 of the Swamp)

   It poisons the flesh of those it strikes.
   It affects your strength (+5).
   It lets you turn invisible.
   It will be destroyed if unequipped.
Armour
 q - a +1 pair of boots (worn)
 A - a +0 pair of gloves (worn)
 C - a +1 cloak (worn)
 T - +1 ice dragon scales (worn)
 U - a +4 shield of resistance (worn)
Jewellery
 c - a +6 amulet of reflection (around neck)
 l - an uncursed ring of fire
 x - an uncursed ring of protection from magic
 O - a ring of resist corrosion (left hand)
 Z - the ring "Hukhlo" (right hand) {rPois MR+ Dex+2 Stlth+}
   (You found it in an ice cave)

   [ring of protection from magic]

   It affects your dexterity (+2).
   It protects you from poison.
   It affects your resistance to hostile enchantments.
   It makes you more stealthy.
Wands
 t - a wand of confusion (26/48)
 B - a wand of slowing (25/48)
 D - a wand of polymorph (2/24)
 E - a wand of enslavement (10/24)
 F - a wand of disintegration (8/24)
 I - a wand of acid (3/15)
 J - a wand of teleportation (5/9)
 M - a wand of iceblast (0/15)
 P - a wand of teleportation (3/9)
 R - a wand of lightning (7/15)
Scrolls
 g - 14 scrolls of identify
 k - 8 scrolls of teleportation
 p - 13 scrolls of remove curse
 u - 4 scrolls of magic mapping
 y - 3 scrolls of fog
 z - 3 scrolls of recharging
 L - a scroll of amnesia
 Y - 3 scrolls of blinking
Potions
 b - 2 potions of ambrosia
 d - 2 potions of might
 e - 5 potions of invisibility
 n - a potion of resistance
 o - a potion of magic
 r - 2 potions of lignification
 s - 3 potions of brilliance
 v - 8 potions of flight
 w - 7 potions of curing
 N - 4 potions of agility
Books
 W - a book of Party Tricks

   Spells                             Type                      Level
   a - Summon Butterflies             Summoning                    1
   b - Apportation                    Translocation                1
   c - Lesser Beckoning               Translocation                3
   d - Tukima's Dance                 Hexes                        3
   e - Alistair's Intoxication        Transmutation/Poison         5
   f - Invisibility                   Hexes                        6
Miscellaneous
 H - a fan of gales
 Q - a phantom mirror
 V - a disc of storms
Comestibles
 f - 14 bread rations
 h - 13 meat rations
 i - 11 fruits
 j - 14 slices of pizza
 m - 9 beef jerkies
 K - 2 royal jellies


   Skills:
 * Level 16.8 Fighting
 + Level 15.4 Long Blades
 * Level 16.3 Armour
 + Level 8.1 Dodging
 + Level 20.3 Shields
 + Level 11.5 Invocations
 + Level 10.3 Evocations


You had 17 spell levels left.
You didn't know any spells.

Dungeon Overview and Level Annotations

Branches:
Dungeon (11/15)            Temple (0/1) D:7            Lair (6/6) D:11
  Swamp (4/4) Lair:3       Spider (4/4) Lair:2        Slime (3/5) Lair:6
    Orc (0/2) D:11

Altars:
Ashenzari
Cheibriados
Dithmenos
Fedhas
Gozag
Hepliaklqana
Kikubaaqudgha
Makhleb
Nemelex Xobeh
Okawaru
Qazlal
Trog
Uskayaw
Xom
Yredelemnul
The Shining One

Shops:
D:5 ::?}%


Innate Abilities, Weirdness & Mutations

You reflexively headbutt those who attack you in melee.
You have a pair of horns on your head.
You are partially covered in icy blue scales. (AC +2)
You are mostly covered in rugged brown scales. (AC +2, +5% HP)
You tend to lose your temper in combat.
You can translocate small distances at will.
Your body sometimes deteriorates upon taking damage.
Your magical capacity is very low. (-20% MP)
You are robust. (+10% HP)
You occasionally shout uncontrollably at your foes.
Your muscles are strong. (Str +2)
You are occasionally teleported next to monsters.
You expend magic power (3 MP) to strengthen your wands.


Message History

You shrug off the repeated paralysis!
You can move again.
You slash the floating eye!
The floating eye is poisoned.
You headbutt the floating eye!
You kill the floating eye!
Cheibriados appreciates the change of pace.
You are splashed with acid!
The walls burn you! You resist.
You are splashed with acid!
The walls burn you! You resist.
* * * LOW HITPOINT WARNING * * *
Your body deteriorates!
You feel weakened.
You are splashed with acid!
The walls burn you! You resist.
* * * LOW HITPOINT WARNING * * *
You are splashed with acid!
The walls burn you! You resist.
* * * LOW HITPOINT WARNING * * *
The eye of devastation gazes at you. The bolt of energy hits you!
* * * LOW HITPOINT WARNING * * *
The eye of devastation gazes at you. The bolt of energy hits you!
You die...

..# .. ... ...#
.##.... ...
#...... ..
....... # #.
....... ...
##.#####
.......
....#...##.##
.......
........G...#
.......
.......@.#.##
......>
.........###
.......
..........#
.......
.........#..
.......
.............
.......
...............
.......
..............#
.......
.#......##....#
.#.....


You could see an eye of devastation.

Vanquished Creatures
  Dissolution (Slime:2)
  Arachne (Spider:2)
  Jorgrun (Swamp:3)
  8 acid blobs
  2 thorn hunters
  Agnes (Spider:3)
  Kirke (Swamp:3)
  An azure jelly (Slime:2)
  5 emperor scorpions
  4 ghost moths
  4 entropy weavers
  2 very ugly things (IceCv)
  2 green draconians (Swamp:1)
  3 spark wasps
  The ghost of solomon12318 the Carver, a journeyman MiFi of Okawaru (D:10)
  3 great orbs of eyes
  21 hydras
  3 catoblepae (Lair:6)
  A ghost crab (Swamp:3)
  17 alligators
  15 death yaks (Lair:6)
  5 spriggan druids
  4 hill giants
  3 lindwurms (Swamp:4)
  12 swamp dragons
  2 shambling mangroves
  28 orb spiders
  2 ugly things (D:11)
  31 wolf spiders
  2 shining eyes
  2 moths of wrath
  A centaur zombie (D:11)
  6 elephants (Lair:6)
  5 black mambas
  5 ice statues (IceCv)
  3 eyes of devastation
  4 torpor snails
  19 spiny frogs
  2 rime drakes
  19 demonic crawlers
  A kobold demonologist (D:9)
  An anaconda simulacrum (IceCv)
  A freezing wraith (D:11)
  38 jumping spiders
  A polar bear (Lair:1)
  13 komodo dragons
  A two-headed ogre (D:8)
  7 tyrant leeches
  3 meliai (Spider:2)
  A troll (D:10)
  26 hornets
  15 blink frogs
  50 slime creatures
  6 bog bodies
  8 hippogriffs
  Sigmund (D:6)
  4 shadows
  24 spriggans
  37 tarantellas
  73 redbacks
  3 wyverns
  31 yaks
  A dire elephant simulacrum (IceCv)
  A hungry ghost (D:11)
  26 vampire mosquitoes
  23 swamp worms
  19 insubstantial wisps
  An iron troll simulacrum (IceCv)
  3 harpy simulacra (IceCv)
  Edmund (D:6)
  3 wargs (D:11)
  12 water moccasins
  12 porcupines
  3 hydra simulacra (IceCv)
  9 orc warriors
  14 swamp drakes
  A floating eye (Slime:3)
  5 sky beasts
  2 black bears
  11 ice beasts
  A necrophage (D:6)
  3 boggarts (Lair:5)
  5 ogres
  3 eyes of draining
  A phantom (D:9)
  6 wolves (Lair:6)
  A centaur (D:9)
  17 crocodiles
  15 big kobolds
  A gnoll sergeant (D:10)
  16 bullfrogs
  2 scorpions
  17 killer bees
  6 wights
  2 electric eels (Spider:3)
  A howler monkey (D:6)
  6 crimson imps
  A bullfrog zombie (D:8)
  A jelly (D:9)
  10 orc priests
  15 orc wizards
  4 hounds
  Ijyb (D:2)
  3 bullfrog skeletons
  2 centaur skeletons
  3 iguanas
  A siren (Sewer)
  9 worker ants
  A killer bee zombie (D:7)
  A merfolk avatar (Sewer)
  A hound zombie (D:7)
  A hound skeleton (D:6)
  A howler monkey zombie (D:4)
  5 worker ant zombies
  20 adders
  12 gnolls
  2 river rats (Sewer)
  4 shadow imps
  An ooze (D:2)
  2 adder zombies (D:4)
  13 worms
  A dart slug (D:4)
  12 leopard geckos
  61 orcs
  6 ball pythons
  9 giant cockroaches
  5 hobgoblins
  11 jackals
  5 quokkas
  A ball python zombie (D:4)
  10 bats
  6 frilled lizards
  A giant cockroach zombie (D:4)
  2 goblins
  A jackal skeleton (D:7)
  38 kobolds
  A quokka skeleton (D:5)
  A quokka zombie (D:4)
  30 rats
  A spectral orc (D:8)
  2 fungi
1165 creatures vanquished.

Vanquished Creatures (others)
  A hydra (Swamp:3)
  An orb spider (Spider:4)
  A slime creature (Swamp:4)
  A redback (Spider:4)
  3 humans (Swamp:3)
  16 fungi
  15 plants
38 creatures vanquished.

Grand Total: 1203 creatures vanquished

Notes
Turn   | Place    | Note
-------+----------+-------------------------------------------
     0 | D:1      | solomon12318 the Minotaur Fighter began the quest for the Orb.
     0 | D:1      | Reached XP level 1. HP: 19/19 MP: 0/0
    63 | D:1      | Found a snail-covered altar of Cheibriados.
    69 | D:1      | Became a worshipper of Cheibriados the Contemplative
   108 | D:1      | Reached XP level 2. HP: 27/27 MP: 1/1
   365 | D:2      | Found a shattered altar of Ashenzari.
   493 | D:2      | Found an iron altar of Okawaru.
   609 | D:2      | Noticed Ijyb
   620 | D:2      | Killed Ijyb
   620 | D:2      | Reached skill level 4 in Shields
   620 | D:2      | Reached XP level 3. HP: 34/34 MP: 2/2
   813 | D:2      | Reached * piety under Cheibriados
  1134 | D:2      | Reached skill level 1 in Invocations
  1134 | D:2      | Reached XP level 4. HP: 37/41 MP: 3/3
  1149 | D:3      | Found an ancient bone altar of Kikubaaqudgha.
  1227 | D:3      | Reached ** piety under Cheibriados
  1241 | D:3      | Found a glowing drain.
  1245 | Sewer    | Entered a sewer
  1315 | Sewer    | Reached XP level 5. HP: 47/47 MP: 5/5
  1328 | Sewer    | Reached skill level 5 in Fighting
  1396 | Sewer    | Reached *** piety under Cheibriados
  1421 | Sewer    | Reached skill level 5 in Shields
  1453 | Sewer    | Reached skill level 1 in Dodging
  1791 | D:3      | Found a blossoming altar of Fedhas.
  1819 | D:3      | Found a shadowy altar of Dithmenos.
  1951 | D:4      | Reached **** piety under Cheibriados
  1967 | D:4      | Reached XP level 6. HP: 55/56 MP: 6/6
  2089 | D:4      | Reached skill level 5 in Armour
  2212 | D:4      | Reached XP level 7. HP: 47/61 MP: 6/8
  2339 | D:4      | Found a hide-covered altar of Uskayaw.
  2546 | D:5      | Entered Level 5 of the Dungeon
  2770 | D:5      | Found Vuecehog's Food Shop.
  2848 | D:5      | Found Jiucoas's Gadget Shop.
  2892 | D:5      | Reached ***** piety under Cheibriados
  3013 | D:5      | Found Tuoschaff's Book Emporium.
  3100 | D:5      | Found Ohucseimp's Book Shoppe.
  3107 | D:5      | Reached skill level 5 in Long Blades
  3108 | D:5      | Found Leoti's Magic Scroll Emporium.
  3112 | D:5      | Gained mutation: You have an increased reservoir of magic. (+10% MP) [mutagenic meat]
  3113 | D:5      | Gained mutation: You evolve. [mutagenic meat]
  3114 | D:5      | Gained mutation: Your system is resistant to poisons. (rPois) [mutagenic meat]
  3115 | D:5      | Lost mutation: You evolve. [mutagenic meat]
  3116 | D:5      | Gained mutation: You expend magic power (3 MP) to strengthen your wands. [mutagenic meat]
  3117 | D:5      | Gained mutation: You can translocate small distances at will. [mutagenic meat]
  3142 | D:5      | Bought a scroll of magic mapping for 42 gold pieces
  3142 | D:5      | Bought a scroll of identify for 24 gold pieces
  3172 | D:5      | Found a bloodstained altar of Trog.
  3381 | D:6      | Reached XP level 8. HP: 58/70 MP: 10/10
  3396 | D:6      | Gained mutation: You are clumsy. (Dex -2) [mutagenic meat]
  3398 | D:6      | Gained mutation: Potions and wands are less effective at restoring your health. [mutagenic meat]
  3399 | D:6      | Gained mutation: Scrolls take you a little longer to read. [mutagenic meat]
  3572 | D:6      | Reached skill level 6 in Shields
  3784 | D:6      | Reached skill level 1 in Evocations
  3785 | D:6      | Found an opulent altar of Gozag.
  3787 | D:6      | Found a shimmering altar of Xom.
  3826 | D:6      | Noticed Edmund
  3835 | D:6      | Killed Edmund
  3899 | D:6      | Noticed Sigmund
  3907 | D:6      | Killed Sigmund
  3967 | D:6      | Found a sparkling altar of Nemelex Xobeh.
  4001 | D:6      | Found a burning altar of Makhleb.
  4295 | D:6      | Identified a scroll of acquirement
  4308 | D:7      | Reached XP level 9. HP: 78/78 MP: 12/12
  4422 | D:7      | Reached skill level 7 in Shields
  4535 | D:7      | Found a staircase to the Ecumenical Temple.
  4548 | D:7      | Reached skill level 5 in Invocations
  4617 | D:7      | Found a stormy altar of Qazlal.
  4764 | D:7      | Reached ****** piety under Cheibriados
  5646 | D:8      | Found a hazy altar of Hepliaklqana.
  5835 | D:8      | Reached XP level 10. HP: 86/86 MP: 14/14
  5868 | D:8      | Found a basalt altar of Yredelemnul.
  6183 | D:8      | Reached skill level 8 in Shields
  6433 | D:9      | Noticed an orange demon
  6586 | D:9      | Reached skill level 10 in Armour
  6632 | D:9      | Found a glowing golden altar of the Shining One.
  6814 | D:9      | Noticed a hill giant
  6823 | D:9      | Killed a hill giant
  6954 | D:9      | Reached skill level 10 in Long Blades
  7247 | D:10     | Entered Level 10 of the Dungeon
  7253 | D:10     | Reached XP level 11. HP: 88/95 MP: 16/16
  7469 | D:10     | Noticed a hill giant
  7471 | D:10     | Reached skill level 9 in Shields
  7474 | D:10     | Killed a hill giant
  7602 | D:10     | Noticed a hill giant
  7607 | D:10     | Killed a hill giant
  7607 | D:10     | Reached skill level 5 in Evocations
  7610 | D:10     | Noticed a hill giant
  7616 | D:10     | Killed a hill giant
  7760 | D:10     | Noticed solomon12318's ghost (journeyman MiFi)
  7784 | D:10     | Killed solomon12318's ghost
  8085 | D:11     | Found a staircase to the Lair.
  8358 | D:11     | Found a staircase to the Orcish Mines.
  8456 | D:11     | Noticed a white ugly thing
  8466 | D:11     | Killed a white ugly thing
  8630 | D:11     | Noticed a green ugly thing
  8642 | D:11     | Killed a green ugly thing
  8976 | Lair:1   | Entered Level 1 of the Lair of Beasts
  9325 | Lair:1   | Reached XP level 12. HP: 97/106 MP: 18/18
  9381 | Lair:1   | Reached skill level 10 in Fighting
  9381 | Lair:1   | Reached skill level 10 in Shields
  9583 | Lair:2   | Found a hole to the Spider Nest.
  9622 | Lair:2   | Gained mutation: You are robust. (+10% HP) [potion of mutation]
  9622 | Lair:2   | Gained mutation: You are partially covered in icy blue scales. (AC +2) [potion of mutation]
 10153 | Lair:2   | Noticed a seven-headed hydra
 10163 | Lair:2   | Killed a ten-headed hydra
 11082 | Lair:3   | Reached skill level 11 in Shields
 11396 | Lair:3   | Found a staircase to the Swamp.
 11844 | Lair:4   | Reached XP level 13. HP: 125/126 MP: 20/20
 12416 | Lair:5   | Reached skill level 12 in Shields
 12890 | Lair:6   | Entered Level 6 of the Lair of Beasts
 13089 | Lair:6   | Found a staircase to the Slime Pits.
 13423 | Lair:6   | Reached skill level 13 in Shields
 13613 | Lair:6   | Reached XP level 14. HP: 70/138 MP: 22/22
 13627 | Lair:6   | HP: 4/138 [death yak (14)]
 14643 | Swamp:1  | Entered Level 1 of the Swamp
 15191 | Swamp:1  | Reached skill level 14 in Shields
 15349 | Swamp:1  | Got an iridescent scimitar
 15350 | Swamp:1  | Identified the +8 scimitar "Feruxeme" {venom, Fragile +Inv Str+5} (You found it on level 1 of the Swamp)
 15696 | Swamp:1  | Noticed a thorn hunter
 15707 | Swamp:1  | Killed a thorn hunter
 16199 | Swamp:2  | Lost mutation: Scrolls take you a little longer to read. [potion of cure mutation]
 16199 | Swamp:2  | Lost mutation: Your system is resistant to poisons. (rPois) [potion of cure mutation]
 16199 | Swamp:2  | Lost mutation: You are clumsy. (Dex -2) [potion of cure mutation]
 16199 | Swamp:2  | Lost mutation: You have an increased reservoir of magic. (+10% MP) [potion of cure mutation]
 16199 | Swamp:2  | Lost mutation: You expend magic power (3 MP) to strengthen your wands. [potion of cure mutation]
 16927 | Swamp:2  | Reached skill level 10 in Invocations
 16985 | Swamp:2  | Reached skill level 15 in Shields
 17236 | Swamp:2  | Gained mutation: You tend to lose your temper in combat. [potion of mutation]
 17236 | Swamp:2  | Gained mutation: You occasionally shout uncontrollably at your foes. [potion of mutation]
 17236 | Swamp:2  | Gained mutation: Your muscles are strong. (Str +2) [potion of mutation]
 17250 | Swamp:2  | Reached XP level 15. HP: 148/148 MP: 21/21
 17532 | Swamp:3  | Noticed Kirke
 17537 | Swamp:3  | Noticed a sphinx
 17544 | Swamp:3  | Killed Kirke
 17883 | Swamp:3  | Noticed Jorgrun
 17899 | Swamp:3  | Killed Jorgrun
 18357 | Swamp:3  | Got a scorched scale mail
 18368 | Swamp:3  | Identified the +3 scale mail "Oji Xean" {Int-2 Dex+5 Stlth+} (You found it on level 3 of the Swamp)
 18539 | Swamp:3  | Paralysed by a hornet for 3 turns
 18640 | Swamp:3  | Reached skill level 16 in Shields
 18873 | Swamp:4  | Entered Level 4 of the Swamp
 19193 | Swamp:4  | Found a frozen archway.
 19270 | IceCv    | Entered an ice cave
 20238 | IceCv    | Reached XP level 16. HP: 158/159 MP: 23/23
 20241 | IceCv    | Reached skill level 10 in Evocations
 20270 | IceCv    | Got a heavily runed gossamer ring
 20274 | IceCv    | Identified the ring "Hukhlo" {rPois MR+ Dex+2 Stlth+} (You found it in an ice cave)
 20495 | Swamp:4  | Reached skill level 5 in Dodging
 20495 | Swamp:4  | Reached skill level 17 in Shields
 20562 | Swamp:4  | Noticed a thorn hunter
 20568 | Swamp:4  | HP: 2/159 [thorn hunter/volley of thorns (35)]
 20575 | Swamp:4  | Killed a thorn hunter
 21101 | Swamp:4  | Got a decaying rune of Zot
 22140 | Spider:1 | Entered Level 1 of the Spider Nest
 23040 | Spider:1 | Reached skill level 18 in Shields
 23673 | Spider:2 | Noticed Arachne
 23693 | Spider:2 | Killed Arachne
 23699 | Spider:2 | Reached XP level 17. HP: 61/169 MP: 4/24
 24883 | Spider:3 | Reached skill level 15 in Fighting
 24883 | Spider:3 | Reached skill level 15 in Armour
 24990 | Spider:3 | Gained mutation: You are partially covered in rugged brown scales. (AC +1, +3% HP) [potion of beneficial mutation]
 25317 | Spider:3 | Noticed Agnes
 25325 | Spider:3 | Reached skill level 19 in Shields
 25326 | Spider:3 | Killed Agnes
 25807 | Spider:4 | Entered Level 4 of the Spider Nest
 26252 | Spider:4 | Lost mutation: Potions and wands are less effective at restoring your health. [mutagenic meat]
 26253 | Spider:4 | Gained mutation: You are mostly covered in rugged brown scales. (AC +2, +5% HP) [mutagenic meat]
 26438 | Spider:4 | Got a gossamer rune of Zot
 27037 | Spider:4 | Reached XP level 18. HP: 184/190 MP: 25/25
 27390 | Slime:1  | Entered Level 1 of the Pits of Slime
 27418 | Slime:1  | Reached skill level 15 in Long Blades
 27431 | Slime:1  | Gained mutation: Your magical capacity is low. (-10% MP) [a shining eye]
 27871 | Slime:2  | Noticed Dissolution
 27879 | Slime:2  | Paralysed by a floating eye for 3 turns
 27886 | Slime:2  | Paralysed by a floating eye for 3 turns
 27895 | Slime:2  | Paralysed by a floating eye for 2 turns
 27905 | Slime:2  | Killed Dissolution
 27905 | Slime:2  | Reached skill level 20 in Shields
 28447 | Slime:2  | Gained mutation: Your body sometimes deteriorates upon taking damage. [a shining eye]
 28447 | Slime:2  | Gained mutation: You expend magic power (3 MP) to strengthen your wands. [a shining eye]
 28448 | Slime:2  | Gained mutation: You are occasionally teleported next to monsters. [a shining eye]
 28452 | Slime:2  | Gained mutation: Your magical capacity is very low. (-20% MP) [a shining eye]
 28481 | Slime:2  | Paralysed by a great orb of eyes for 6 turns
 28917 | Slime:3  | Paralysed by a floating eye for 4 turns
 28923 | Slime:3  | HP: 4/193 [disintegration (13)]
 28924 | Slime:3  | Blown up by an eye of devastation

Skill      XL: |  1  2  3  4  5  6  7  8  9 10 11 12 13 14 15 16 17 18 |
---------------+-------------------------------------------------------+-----
Fighting       | 4 5 6 7 8 9 10 12 13 14 15 16 | 16.8
Armour         | 4 5 6 7 9 10 11 12 13 14 15 16 | 16.3
Shields        | 4 5 6 7 8 9 11 13 15 16 18 19 20 | 20.3
Invocations    | 1 2 3 4 5 6 7 8 9 10 11 | 11.5
Long Blades    | 3 4 5 6 8 10 11 12 13 14 15 | 15.4
Dodging        | 1 2 4 6 7 8 |  8.1
Evocations     | 1 3 4 5 7 8 9 10 | 10.3

Action                   |  1- 3 |  4- 6 |  7- 9 | 10-12 | 13-15 | 16-18 || total
-------------------------+-------+-------+-------+-------+-------+-------++-------
Melee: Long sword        |    79 |   169 |   281 |   498 |   493 |       ||  1520
       Headbutt          |    13 |    42 |   111 |   198 |   423 |   352 ||  1139
       Scimitar          |       |       |       |    36 |   436 |   816 ||  1288
       Unarmed           |       |       |       |     2 |    50 |       ||    52
Invok: Slouch            |       |       |     1 |    11 |     9 |    16 ||    37
 Abil: Evoke Invisibilit |       |       |       |       |     2 |       ||     2
Evoke: Wand              |       |       |       |       |    10 |     8 ||    18
  Use: Scroll            |     4 |     8 |    11 |    10 |     4 |    11 ||    48
       Potion            |       |       |       |     1 |     6 |     6 ||    13
 Stab: Petrified         |       |       |       |       |     7 |       ||     7
       Invisible         |       |       |       |       |    15 |     2 ||    17
       Distracted        |       |       |       |       |       |     3 ||     3
  Eat: Chunk             |     1 |     2 |    19 |    11 |     9 |    15 ||    57
       Bread ration      |       |       |       |     1 |     2 |     2 ||     5
Armor: Scale mail        |    51 |   113 |     7 |       |       |       ||   171
       Plate armour      |       |       |   151 |   212 |   328 |       ||   691
       Swamp dragon scal |       |       |       |       |   159 |     2 ||   161
       Ice dragon scales |       |       |       |       |       |   393 ||   393
Dodge: Dodged            |    29 |    97 |    92 |   159 |   440 |   450 ||  1267
Block: Shield            |    61 |   137 |   250 |   409 |  1090 |  1326 ||  3273
       Reflection        |       |       |       |       |     8 |    10 ||    18
       Rpst.: Long sword |     9 |    27 |    22 |    45 |    34 |       ||   137
       Scimitar          |       |       |       |       |    35 |    68 ||   103
